 Dungeon Crawl Stone Soup version 0.30.1-6-gbe392663c4 (webtiles) character file.

Game seed: 17146556153359116903

14 Cheops the Caller (level 2, -2/17 (19) HPs)
             Began as a Merfolk Summoner on Sept 20, 2023.
             Slain by a kobold
             ... wielding a +1 short sword of draining
              (4 damage)
             ... on level 1 of the Dungeon.
             The game lasted 00:02:30 (409 turns).

Cheops the Caller (Merfolk Summoner)                 Turns: 409, Time: 00:02:30

HP:   -2/17 (19)    AC:  2    Str:  7 (8)  XL:     2   Next: 45%
MP:   2/5           EV: 12    Int: 11 (14) God:
Gold: 24            SH:  0    Dex: 12 (14) Spells: 4/5 levels left

rFire   . . .        a - staff of poison
rCold   . . .        (no shield)
rNeg    . . .        d - +0 robe
rPois   +            (no helmet)
rElec   .            (no cloak)
rCorr   .            (no gloves)
SInv    .            (no boots)
Will    .....        (no amulet)
Stlth   ++           (no ring)
HPRegen 0.22/turn    (no ring)
MPRegen 0.09/turn

%: no passive effects
@: heavily drained
A: (nimble swimmer 2), mertail
a: no special abilities


You were on level 1 of the Dungeon.
You visited 1 branch of the dungeon, and saw 1 of its levels.

You collected 24 gold pieces.

Inventory:

Armour
 d - a +0 robe (worn)
Magical Staves
 a - a staff of poison (weapon)
Scrolls
 c - a scroll of teleportation {unknown}
Potions
 b - a potion of magic


   Skills:
 + Level 1.0 Polearms
 - Level 2.6 Dodging
 - Level 2.1 Stealth
 - Level 2.0 Spellcasting
 * Level 4.5 Summonings


You had 4 spell levels left.
You knew the following spells:

 Your Spells              Type           Power      Damage    Failure   Level
M - Summon Small Mammal   Summ           44%        N/A       4%          1

Your spell library contained the following spells:

 Spells                   Type           Power      Damage    Failure   Level
 Call Imp                 Summ           22%        N/A       7%          2
 Call Canine Familiar     Summ           11%        N/A       14%         3
 Summon Guardian Golem    Hex/Summ       6%         N/A       34%         3
 Summon Lightning Spire   Summ/Air       6%         N/A       75%         4


Dungeon Overview and Level Annotations

Branches:
Dungeon (1/15)

Altars:


Innate Abilities, Weirdness & Mutations

((You are very nimble when in or above water. (Stealth+, EV+, Speed+++)))
Your lower body shifts to a powerful aquatic tail in water.


Message History

Your rat's corpse disappears in a puff of smoke!
Casting: Summon Small Mammal (safe; 3% risk of failure)
Confirm with . or Enter, or press ? or * to list all spells.
Your bat barely misses the kobold.
Casting: Summon Small Mammal (safe; 3% risk of failure)
Confirm with . or Enter, or press ? or * to list all spells.
Your bat closely misses the kobold.
The kobold hits you with a +1 short sword of draining.
* * * LOW HITPOINT WARNING * * *
You feel drained.
* * * LOW HITPOINT WARNING * * *
Your bat misses the kobold.
The kobold hits your quokka with a +1 short sword of draining.
The kobold drains your quokka. What are your orders? t - Shout!
Orders for allies: a - Attack new target. r - Retreat! s - Stop attacking. g - Guard the area. f - Follow me.
Anything else - Cancel.
Gang up on whom?
Press: ? - help, Dir - move target, f - kobold
Aim: a kobold, wielding a +1 short sword of draining (moderately wounded, ally target) Attack!
Your bat closely misses the kobold.
Your quokka closely misses the kobold.
The kobold hits your quokka with a +1 short sword of draining.
Your quokka dies!
Your quokka's corpse disappears in a puff of smoke!
You aren't carrying any items that you can evoke.
Unknown command.
It was a potion of degeneration.
There was something very wrong with that liquid.
You feel weakened.
You feel dopey.
You feel clumsy.
Your bat barely misses the kobold.
You hit the kobold.
The kobold is severely wounded.
Your bat closely misses the kobold.
Your bat hits the kobold but does no damage.
The kobold hits you with a +1 short sword of draining.
You die...

..[ # #.# #
#.# ###### #.#
#..... #†#
#.#### ###.#
#.# # # #..†#
#.#
...?####.####
#.#
#.........K@#
#.#
########b##.#
#)# #.##.# #.#
#.##.# #.#
#.##.#
#########.####
#.##.#
..............
#.##..
.######.######
#.#### #.#
#######.# #.#


You could see a kobold (ally target) and a friendly bat (summoned).

Vanquished Creatures
  A ball python (D:1)
  A goblin (D:1)
  A hobgoblin (D:1)
  4 jackals (D:1)
  2 bats (D:1)
  A rat (D:1)
10 creatures vanquished.

Vanquished Creatures (collateral kills)
  2 ball pythons (D:1)
2 creatures vanquished.

Grand Total: 12 creatures vanquished

Notes
Turn   | Place    | Note
-------+----------+-------------------------------------------
     0 | D:1      | Cheops the Merfolk Summoner began the quest for the Orb.
     0 | D:1      | Reached XP level 1. HP: 13/13 MP: 3/3
   326 | D:1      | Reached XP level 2. HP: 16/19 MP: 5/5
   381 | D:1      | Reached skill level 1 in Polearms
   409 | D:1      | Slain by a kobold

Illustrated notes

Levels and vault maps discovered:
D:1:      dpeg_arrival_boxorama, layout_loops_ring,
          ebering_ecumenical_altar_petrified

Skill      XL: |  1  2 |
---------------+-------+-----
Polearms       | 1 |  1.0
Dodging        | |  2.6
Stealth        | |  2.1
Spellcasting   | |  2.0
Summonings     | |  4.5

Action                     || total
---------------------------++-------
  Melee: Staff             ||    60
         Unarmed           ||     9
         Punch             ||     1
   Cast: Summon Small Mamm ||    11
    Use: Potion            ||     1
   Stab: Sleeping          ||     1
 Armour: Robe              ||    24
  Dodge: Dodged            ||    65
